 Dungeon Crawl Stone Soup version 0.31-a0-232-gb1c03b2570 (webtiles) character file.

Game seed: 8893909573721473366

422 sanka the Chopper (level 6, -2/48 HPs)
             Began as a Demigod Gladiator on July 7, 2023.
             Killed by nerve-wracking pain
             ... invoked by an orc priest
              (10 damage)
             ... on level 4 of the Dungeon.
             The game lasted 00:03:34 (2782 turns).

sanka the Chopper (Demigod Gladiator)               Turns: 2782, Time: 00:03:35

Health: -2/48      AC: 12    Str: 23    XL:     6   Next: 36%
Magic:  8/8        EV: 12    Int: 10    God:
Gold:   240        SH:  0    Dex: 15    Spells: 5/5 levels left

rFire   . . .        a - +0 war axe
rCold   . . .        (no shield)
rNeg    . . .        l - +3 ring mail
rPois   .            c - +0 helmet
rElec   .            (no cloak)
rCorr   .            q - +2 pair of gloves
SInv    .            (no boots)
Will    .....        (no amulet)
Stlth   +            (no ring)
HPRegen 0.28/turn    (no ring)
MPRegen 0.11/turn

%: no passive effects
@: no status effects
A: high MP 1, forlorn, divine attributes
a: no special abilities


You were on level 4 of the Dungeon.
You visited 1 branch of the dungeon, and saw 4 of its levels.

You collected 240 gold pieces.


Innate Abilities, Weirdness & Mutations

You have an increased reservoir of magic. (+10% MP)
You shall have no god before yourself.
Your divine heritage dramatically boosts your attributes as you level up.


   Skills:
 - Level 2.0 Fighting
 + Level 6.9 Axes
 - Level 1.7 Throwing
 - Level 2.6 Dodging


You had 5 spell levels left.
You didn't know any spells.
Your spell library contained the following spells:

 Spells                   Type           Power      Damage    Failure   Level
 Blink                    Tloc           0%         N/A       67%         2
 Lesser Beckoning         Tloc           0%         N/A       67%         2
 Momentum Strike          Conj/Tloc      0%         3d8       67%         2
 Vhi's Electric Charge    Tloc/Air       0%         N/A       88%         3
 Arcjolt                  Conj/Air       0%         1d10      100%        5
 Plasma Beam              Fire/Air       0%         2x1d10    100%        6

Inventory:

Hand Weapons
 a - a +0 war axe (weapon)
Missiles
 d - 3 throwing nets (quivered) {=f}
 e - a javelin
Armour
 c - a +0 helmet (worn)
 l - a +3 ring mail (worn)
 q - a +2 pair of gloves (worn)
Scrolls
 f - a scroll of revelation {unknown}
 g - 3 scrolls of teleportation {unknown}
 i - a scroll of poison {unknown}
 j - 3 scrolls of identify {unknown}
 m - 2 scrolls of amnesia {unknown}
 n - a scroll of torment {unknown}
 o - a scroll of noise {unknown}
 p - 2 scrolls of summoning {unknown}
 s - a scroll of enchant armour {unknown}
 v - a scroll of immolation {unknown}
 w - 2 scrolls of enchant weapon {unknown}
Potions
 b - a potion of berserk rage {unknown}
 h - 3 potions of degeneration {unknown}
 k - 6 potions of curing {unknown}
 r - a potion of mutation {unknown}
 t - a potion of magic {unknown}
 u - a potion of enlightenment {unknown}

Dungeon Overview and Level Annotations

Branches:
Dungeon (4/15)
 Temple: D:4-7

Shops:
D:3

[ ▒.......▒▒..▒▒▒▒▒)...
▒.......▒▒.......▒...
▒▒▒▒▒▒▒▒▒........▒▒.▒▒..
...... ▒...........▒▒.▒
......▒▒▒.........▒.▒▒..
......▒.........▒.▒▒▒.
▒....▒.........▒.▒...
▒..o)▒......▒▒▒▒>....
▒▒▒▒...p▒......▒ ▒▒▒.▒▒
▒.......▒......▒ ▒...
▒..............▒▒▒▒▒▒▒▒.
▒....▒....†.........▒ ▒.
▒....▒....▒▒▒.......▒ ▒.
▒... ▒....▒ ▒.......▒▒▒▒
▒.. ▒....▒ ▒.......▒▒..
▒.. ▒....▒▒▒.......▒▒..
▒....▒.........▒▒..


You could see an orc priest.


Message History

The orc closely misses you. The orc hits you with a +0 hand axe.
The orc priest calls down the wrath of Beogh upon you.
Pain shoots through your body!
* * * LOW HITPOINT WARNING * * *
You slash the orc!
You kill the orc!
You hit the orc priest but do no damage.
The orc priest misses you.
You completely miss the orc priest.
The orc priest is lightly wounded.
The orc priest calls down the wrath of Beogh upon you.
Beogh smites you!
* * * LOW HITPOINT WARNING * * *
You hit the orc priest.
The orc priest is moderately wounded.
The orc priest hits you but does no damage.
You hit the orc priest but do no damage.
The orc priest is moderately wounded.
You hit the endoplasm. The endoplasm freezes you.
You are frozen.
* * * LOW HITPOINT WARNING * * *
The orc priest closely misses you.
You slash the endoplasm!
You kill the endoplasm!
You hit the orc priest.
The orc priest mumbles some strange prayers to Beogh against you.
Pain shoots through your body!
You die...

Action                     |  1- 3 |  4- 6 || total
---------------------------+-------+-------++-------
  Melee: War axe           |   150 |    94 ||   244
         Punch             |       |     1 ||     1
 Armour: Leather armour    |    27 |       ||    27
         Ring mail         |    34 |    54 ||    88
  Dodge: Dodged            |    94 |    76 ||   170

Levels and vault maps discovered:
D:1:      tarquinn_simple_flora_water_a, layout_basic
D:2:      wad_pebble_path, layout_rooms, basic_altar, lemuel_flame_loot_1
D:3:      layout_basic, mainiacjoe_overflow_alcove_2, serial_shops,
          nicolae_shop_advertising_works [nicolae_subvault_shop_adworks],
          kennysheep_jessica_study
D:4:      layout_basic

Notes
Turn   | Place    | Note
-------+----------+-------------------------------------------
     0 | D:1      | sanka the Demigod Gladiator began the quest for the Orb.
     0 | D:1      | Reached XP level 1. HP: 17/17 MP: 3/3
    83 | D:1      | Reached skill level 2 in Fighting
   119 | D:1      | Reached skill level 3 in Axes
   191 | D:1      | Reached XP level 2. HP: 24/24 MP: 4/4
   823 | D:1      | Reached XP level 3. HP: 29/29 MP: 5/5
  1047 | D:2      | Reached skill level 4 in Axes
  1579 | D:3      | Found Zuext's Armour Boutique.
  1608 | D:3      | Reached XP level 4. HP: 32/36 MP: 6/6
  2205 | D:3      | Noticed Jessica
  2217 | D:3      | Killed Jessica
  2218 | D:3      | Reached skill level 5 in Axes
  2362 | D:4      | Noticed an ogre
  2369 | D:4      | Reached XP level 5. HP: 41/41 MP: 7/7
  2372 | D:4      | Killed an ogre
  2373 | D:4      | Reached skill level 6 in Axes
  2426 | D:4      | Noticed a black bear
  2440 | D:4      | Killed a black bear
  2441 | D:4      | Reached XP level 6. HP: 19/48 MP: 8/8
  2782 | D:4      | Killed from afar by an orc priest

Vanquished Creatures
  A black bear (D:4)
  An ogre (D:4)
  A jelly (D:4)
  A hound (D:4)
  A sleepcap (D:4)
  Jessica (D:3)
  3 adders
  3 worms
  9 orcs
  11 endoplasms
  2 giant cockroaches (D:3)
  6 goblins
  10 hobgoblins
  2 jackals (D:1)
  6 quokkas
  8 ball pythons
  6 bats
  3 frilled lizards
  6 kobolds
  5 rats
86 creatures vanquished.
